test
14 | 0:17 | | |
15 | 0:39 | | Send SCV building the Racks to scout Zerg Nat. |
16 | 0:43 | | |
19 | 1:26 | | |
20 | 1:39 | | |
20 | 1:47 | | |
21 | 1:58 | | |
22 | 2:08 | | Rally SCV after Orb. Comm. upgrade // Switch w/ Barracks @100% |
23 | 2:20 | | @ 100% Marine |
25 | 2:39 | | Build w/ scouting SCV |
26 | 2:51 | | Natural CC |
27 | 2:59 | | Build w/ SCV building Factory |
27 | 3:07 | | |
27 | 3:11 | | |
34 | 3:32 | | |
38 | 3:39 | | Shift a-move around the map for Ovies |
42 | 3:48 | | |
44 | 3:53 | | 3rd CC |
45 | 4:01 | | Move out w/ Reaper @ 6 Hellions |
51 | 4:10 | | @100% Viking |
55 | 4:19 | | |
55 | 4:20 | | |
55 | 4:21 | | Constant Marine Production |
58 | 4:28 | | Join up w/ 6 Hellions & Reaper |
60 | 4:35 | | |
65 | 4:52 | | @100% Liberator |
65 | 4:54 | | Build 1 on the vacant Reactor after lifting Factory // Build the 2nd Barracks next to Starport to switch |
65 | 4:58 | | |
69 | 5:00 | | |
70 | 5:07 | | |
71 | 5:15 | | |
71 | 5:21 | | Constant Tank Production |
77 | 5:30 | | 4th Gas @ Nat |
80 | 5:37 | | |
84 | 5:57 | | |
90 | 6:06 | | |
93 | 6:22 | | @100% Stim |
110 | 6:49 | | Move out @100% Medivacs // Leave tanks @ home |
121 | 7:02 | | |
121 | 7:06 | | @50% +1/+1 |
140 | 7:30 | | ~ 7:30 Move out for a +1/+1, Stim, & Combat Shield Timing Attack |
157 | 8:03 | | Skip 5th & 6th Medivacs |
200 | 8:45 | | ~8:45 4th CC, Continue to push w/ Upgrades |